AoeStats
← Based Assad

Arabia

508776370Analyzed
1v1 RM · 8d ago on Sep 24, 2026· 23m 47s· 2 players
Game mode
Random Map
Map size
Tiny (2 player)
Population
200
Speed
Normal
Resources
Standard
Victory
Conquest
Starting age
Dark Age
Ending age
Imperial Age
RankedLock teamsTeams togetherTeam positionsShared explorationLock speedFull tech treeHidden civsTurbo modeCheats
Victory
Defeat
🇲🇽 Mongols · Mexico
1088
+16
🇨🇷 Byzantines · Costa Rica
1098
-16
[Zelda] prosao24
4:42 Loom
7:49 Feudal Age
12:58 Double-Bit Axe
15:43 Bloodlines
21:15 Castle Age
21:35 Wheelbarrow
20:47 Horse Collar
22:37 Scale Barding Armor
22:44 Forging
Based Assad
7:21 Loom
9:54 Feudal Age
23:21 Castle Age
21:22 Double-Bit Axe
21:38 Horse Collar
22:52 Scale Barding Armor
Connection lost

Rejoining the realm…

Still unreachable

The connection could not be restored.

Session expired

The server has moved on; the page needs a fresh start.